 Dungeon Crawl Stone Soup version 0.29.1-12-g30fa7ad0bf (webtiles) character file.

Game seed: 15450261559459726906

1601 FexLirch the Changer (level 8, -2/58 (68) HPs)
             Began as an Octopode Transmuter on Dec 17, 2022.
             Slain by a wight
             ... wielding a +4 morningstar
              (9 damage)
             ... on level 7 of the Dungeon.
             The game lasted 00:25:47 (6697 turns).

FexLirch the Changer (Octopode Transmuter)          Turns: 6697, Time: 00:25:48

HP:   -2/58 (68)    AC:  7    Str: 16    XL:     8   Next: 94%
MP:   8/11          EV: 10    Int: 17    God:
Gold: 212           SH:  0    Dex: 12    Spells: 1/11 levels left

rFire   x . .      SeeInvis .     - Unarmed
rCold   + + +      Faith    .   (shield currently unavailable)
rNeg    . . .      Spirit   .   (helmet currently unavailable)
rPois   +          Reflect  .   (no amulet)
rElec   .          Harm     .   m - ring of poison resistance
rCorr   .          Rampage  .   r - +6 ring of strength
Will    .....                   (no ring)
Stlth   ++........              (no ring)
HPRegen 0.19/turn               (no ring)
MPRegen 0.12/turn               (no ring)
                                (no ring)
                                (no ring)

@: about to teleport, ice-form, wereblooded (expiring), heavily drained
A: freezing attack, boosted hp, almost no armour, amphibious, 8 rings, large,
(camouflage 1), (gelatinous body 1), (nimble swimmer 1), (tentacles)
a: End Transformation


You were on level 7 of the Dungeon.
You were a creature of crystalline ice.
You visited 1 branch of the dungeon, and saw 7 of its levels.

You collected 212 gold pieces.

Inventory:

Hand Weapons
 b - a +0 sling
 o - the +1 war axe of Extinguishment {spect, +Blink rElec rF+ rC+}
   (You found it on level 3 of the Dungeon)

   When its wielder attacks, the weapon's spirit leaps out and strikes again.
   The spirit shares a part of any damage it takes with its wielder.
   rF:        It protects you from fire.
   rC:        It protects you from cold.
   rElec:     It insulates you from electricity.
   +Blink:    It lets you blink.
 y - a +2 whip of distortion
Missiles
 i - 4 curare-tipped darts
Jewellery
 m - a ring of poison resistance (left front paw)
 r - a +6 ring of strength (right front paw)
Wands
 h - a wand of iceblast (9)
 s - a wand of flame (36) (quivered)
 t - a wand of charming (15)
Scrolls
 f - a scroll of torment
 k - 4 scrolls of noise
 l - 2 scrolls of blinking {unknown}
 n - a scroll of butterflies {unknown}
 u - a scroll of summoning {unknown}
 v - a scroll of vulnerability {unknown}
 w - a scroll of fear {unknown}
 z - a scroll of poison {unknown}
 A - a scroll of amnesia {unknown}
Potions
 a - a potion of lignification
 c - 2 potions of mutation
 e - 4 potions of flight
 j - a potion of might {unknown}
 q - a potion of ambrosia {unknown}


   Skills:
 + Level 5.9 Fighting
 - Level 2.0 Dodging
 - Level 4.2 Stealth
 + Level 5.0 Unarmed Combat
 - Level 2.0 Spellcasting
 + Level 6.0 Transmutations
 + Level 3.7 Ice Magic
 - Level 3.0 Poison Magic


You had one spell level left.
You knew the following spells:

 Your Spells              Type           Power      Damage    Failure   Level
a - Beastly Appendage     Tmut           44%        N/A       1%          1
b - Wereblood             Tmut           22%        N/A       2%          2
c - Spider Form           Tmut/Pois      17%        N/A       9%          3
d - Ice Form              Ice/Tmut       18%        N/A       26%         4

Your spell library contained the following spells:

 Spells                   Type           Power      Damage    Failure   Level
 Foxfire                  Conj/Fire      4%         2x1d4     19%         1
 Magic Dart               Conj           4%         1d3       19%         1
 Necrotise                Necr           4%         1d4       19%         1
 Searing Ray              Conj           2%         2d4       28%         2
 Conjure Flame            Conj/Fire      1%         6-21      50%         3
 Inner Flame              Hex/Fire       1%         N/A       50%         3
 Vampiric Draining        Necr           1%         2d6       50%         3
 Flame Wave               Conj/Fire      1%         2d4       88%         4
 Fulminant Prism          Conj/Hex       0%         3d6       88%         4
 Agony                    Necr           1%         N/A       99%         5


Dungeon Overview and Level Annotations

Branches:
Dungeon (7/15)
 Temple: D:4-7

Altars:
Elyvilon
Qazlal
Uskayaw

Shops:
D:3 =

Annotations:
D:4 Dowan, Duvessa
D:7 Maggie


Innate Abilities, Weirdness & Mutations

You are a creature of crystalline ice.
You have a powerful freezing melee attack.
Your maximum health is increased.
Your armour is entirely melded.
You are incapable of wielding weapons or throwing items.
You cannot wear most types of armour.
You are amphibious.
You can wear up to eight rings at the same time.
((Your skin changes colour to match your surroundings (Stealth+).))
((Your rubbery body absorbs attacks. (AC +1, EV +1)))
((You are camouflaged when in or above water. (Stealth+)))
((You have tentacles for arms and can constrict up to eight enemies at once.))


Message History

You punch the bullfrog!
The bullfrog seems to slow down.
You freeze the bullfrog.
You feel a bit better.
You kill the bullfrog!
You howl as the wereblood boils in your veins!
Your Transmutations skill increases to level 6!
You feel better.
You howl as the wereblood boils in your veins!
The wight hits you with a +0 falchion.
* * * LOW HITPOINT WARNING * * *
You feel drained.
* * * LOW HITPOINT WARNING * * *
You punch the wight! You freeze the wight.
The wight is severely damaged.
You punch the wight!
You feel a bit better.
You destroy the wight!
Your Unarmed Combat skill increases to level 5!
You hit the wight.
The wight is lightly damaged.
The wight hits you with a +4 morningstar.
* * * LOW HITPOINT WARNING * * *
You hit the wight.
The wight is lightly damaged.
You howl as the wereblood boils in your veins!
The wight hits you with a +4 morningstar.
* * * LOW HITPOINT WARNING * * *
You feel drained.
* * * LOW HITPOINT WARNING * * *
Okay, then.
Unknown command.
Okay, then.
As you read the scroll of teleportation, it crumbles to dust.
You feel strangely unstable.
You howl as the wereblood boils in your veins!
Your primal bloodlust is almost over.
The wight barely misses you.
You punch the wight!
The wight is severely damaged.
You howl as the wereblood boils in your veins!
The wight hits you with a +4 morningstar!
You die...

# #.#.#####....##.._..##
######..........<.##.....## #
#.................##.....##
####.######.####..#.##########
.....# #.# #..#.##########
.##### #.# #..#.# .# #.#
#..#.###. .# #.# #........ ##
># #Y######. #z######.
#h....... #.####..######
#.......# .....###.## ### #.#
#.# #.#


You could see a black bear and a wight.

Vanquished Creatures
  An orc warrior (D:7)
  A sky beast (D:6)
  An ogre (D:5)
  A centaur (D:7)
  3 phantoms (D:6)
  A kobold brigand (D:7)
  A bullfrog (D:7)
  2 scorpions
  A wight (D:7)
  A jelly (D:6)
  2 hounds
  An orc priest (D:3)
  Natasha (thrice) (D:2)
  5 iguanas
  6 orc wizards
  5 adders
  10 gnolls
  A shadow imp (D:6)
  3 worms
  15 orcs
  4 bats
  7 endoplasms
  5 giant cockroaches
  5 goblins
  3 hobgoblins
  4 jackals (D:3)
  10 kobolds
  4 quokkas
  6 ball pythons
  A frilled lizard (D:2)
  3 rats
116 creatures vanquished.

Notes
Turn   | Place    | Note
-------+----------+-------------------------------------------
     0 | D:1      | FexLirch the Octopode Transmuter began the quest for the
                  | Orb.
     0 | D:1      | Reached XP level 1. HP: 13/13 MP: 3/3
    69 | D:1      | Reached skill level 1 in Stealth
   152 | D:1      | Reached XP level 2. HP: 18/18 MP: 3/5
   369 | D:1      | Found a faded altar of an unknown god.
   378 | D:1      | Reached skill level 1 in Poison Magic
   380 | D:1      | Reached XP level 3. HP: 22/23 MP: 4/6
   410 | D:2      | Learned a level 2 spell: Wereblood
   414 | D:2      | Learned a level 3 spell: Spider Form
   592 | D:2      | Noticed Natasha
   724 | D:3      | Found Ampoamick's Jewellery Shop.
   741 | D:3      | Reached XP level 4. HP: 28/29 MP: 3/7
  1145 | D:3      | Identified the +1 war axe of Extinguishment {spect, +Blink
                  | rElec rF+ rC+}
  1341 | D:4      | Noticed Duvessa
  1341 | D:4      | Noticed Dowan
  1436 | D:2      | Killed Natasha
  1437 | D:2      | Reached XP level 5. HP: 28/34 MP: 2/8
  1612 | D:2      | Noticed Natasha
  1623 | D:2      | Killed Natasha
  1694 | D:2      | Noticed Natasha
  1728 | D:2      | Killed Natasha
  1729 | D:2      | Reached skill level 3 in Transmutations
  2343 | D:4      | Reached XP level 6. HP: 24/42 MP: 7/9
  2530 | D:5      | Entered Level 5 of the Dungeon
  3089 | D:5      | Reached skill level 4 in Transmutations
  3089 | D:5      | Reached XP level 7. HP: 23/48 MP: 4/10
  3599 | D:6      | Learned a level 4 spell: Ice Form
  4125 | D:6      | Found a stormy altar of Qazlal.
  4163 | D:6      | Reached skill level 1 in Ice Magic
  4447 | D:6      | Reached skill level 5 in Transmutations
  4784 | D:6      | Reached XP level 8. HP: 46/54 MP: 8/11
  4795 | D:6      | Reached skill level 5 in Fighting
  5509 | D:7      | Found a hide-covered altar of Uskayaw.
  5630 | D:7      | Found a white marble altar of Elyvilon.
  6377 | D:7      | Noticed Maggie
  6691 | D:7      | Reached skill level 6 in Transmutations
  6694 | D:7      | Reached skill level 5 in Unarmed Combat
  6697 | D:7      | Slain by a wight

Illustrated notes

Levels and vault maps discovered:
D:1:      spicycebolla_arrival_xxxplode, layout_basic,
          hellmonk_ecumenical_altar_pennies_from_heaven,
          hangedman_decor_peaks_small, item_on_display_a
D:2:      layout_loops_cross, uniq_natasha
D:3:      layout_rooms, serial_shops, nicolae_shop_trees, grunt_ministairs_14
D:4:      layout_loops_ring, minmay_temple_entry_crystal_x,
          nicolae_elevator_lobby_plus, uniq_duvessa, uniq_ijyb, uniq_robin
D:5:      layout_loops_ring
D:6:      layout_basic, nicolae_qazlal_scattered_showers, serial_glass,
          glass_columns_b, glass_columns_a, glass_columns_a, glass_columns_a
D:7:      layout_loops_ring, mainiacjoe_overflow_24_doors,
          nicolae_uskayaw_dance_studio, uniq_crazy_yiuf_cottage, uniq_maggie

Skill      XL: |  1  2  3  4  5  6  7  8 |
---------------+-------------------------+-----
Stealth        | 2 3 4 |  4.2
Poison Magic   | 1 2 3 |  3.0
Fighting       | 2 3 4 5 |  5.9
Transmutations | 3 4 5 6 |  6.0
Ice Magic      | 2 3 |  3.7
Unarmed Combat | 5 |  5.0
Dodging        | |  2.0
Spellcasting   | |  2.0

Action                   |  1- 3 |  4- 6 |  7- 9 || total
-------------------------+-------+-------+-------++-------
Melee: Unarmed           |    63 |    95 |   179 ||   337
       Kick              |    17 |    26 |     3 ||    46
       Tentacles         |    15 |    13 |     5 ||    33
       Constrict         |    21 |    16 |     7 ||    44
       Punch             |     1 |     2 |       ||     3
 Cast: Beastly Appendage |    16 |    17 |     2 ||    35
       Wereblood         |     3 |     4 |    12 ||    19
       Spider Form       |       |     4 |    21 ||    25
       Ice Form          |       |       |     1 ||     1
Evoke: Wand              |       |       |     3 ||     3
  Use: Scroll            |       |     3 |     6 ||     9
       Potion            |       |       |     4 ||     4
 Stab: Sleeping          |     8 |     7 |     1 ||    16
Armor: Skin              |     4 |     7 |    25 ||    36
Dodge: Dodged            |    47 |    63 |   115 ||   225
